 Dungeon Crawl Stone Soup version 0.21.1-1-g345015fe64 (webtiles) character file.

431 OlSheep the Chiller (level 6, 0/47 HPs)
             Began as a Draconian Ice Elementalist on July 3, 2018.
             Slain by Evaline's ghost (7 damage)
             ... on level 4 of the Dungeon on July 4, 2018.
             The game lasted 00:20:34 (4418 turns).

OlSheep the Chiller (Draconian Ice Elementalist)    Turns: 4418, Time: 00:20:34

Health: 0/47       AC:  9    Str: 10    XL:     6   Next: 67%
Magic:  3/12       EV: 12    Int: 18    God:
Gold:   176        SH:  0    Dex: 11    Spells: 8/14 levels left

rFire    . . .     SeeInvis .   q - staff of air
rCold    . . .     Gourm    .   (no shield)
rNeg     . . .     Faith    .   (armour unavailable)
rPois    .         Spirit   .   (helmet restricted)
rElec    +         Reflect  .   h - +1 cloak
rCorr    .         Harm     .   o - +0 pair of gloves
MR       .....                  (no boots)
Stlth    ++........             (no amulet)
HPRegen  0.15/turn              (no ring)
MPRegen  0.13/turn              (no ring)

@: hasted, very quick
A: unfitting armour, cold-blooded, AC +6
a: no special abilities


You were on level 4 of the Dungeon.
You were very hungry.

You visited 1 branch of the dungeon, and saw 4 of its levels.

You collected 176 gold pieces.

Inventory:

Hand Weapons
 d - a +0 short sword
 f - a +0 hunting sling
Missiles
 g - 48 sling bullets
 p - 19 poisoned needles
Armour
 h - a +1 cloak (worn)
 o - a +0 pair of gloves (worn)
Magical Staves
 q - an uncursed staff of air (weapon)
 r - an uncursed staff of death
Jewellery
 n - a cursed ring of teleportation {unknown}
Wands
 t - a wand of polymorph (7)
Scrolls
 c - a scroll of identify
 e - a scroll of noise {unknown}
 j - 2 scrolls of enchant weapon {unknown}
 v - a scroll of enchant armour
Potions
 i - a potion of haste
 k - a potion of berserk rage
 m - a potion of cancellation {unknown}
 s - 2 potions of curing
Books
 a - a book of Frost

   Spells                             Type                      Level
   a - Freeze                         Ice                          1
   b - Throw Frost                    Conjuration/Ice              2
   c - Ozocubu's Armour               Charms/Ice                   3
   d - Throw Icicle                   Conjuration/Ice              4
   e - Summon Ice Beast               Ice/Summoning                4
Comestibles
 b - 6 rations


   Skills:
 * Level 1.3 Fighting
 * Level 0.7 Staves
 + Level 2.6 Dodging
 - Level 1.7 Stealth
 + Level 4.5 Spellcasting
 + Level 1.8 Conjurations
 + Level 5.0 Ice Magic


You had 8 spell levels left.
You knew the following spells:

 Your Spells              Type           Power        Failure   Level  Hunger
a - Freeze                Ice            ###.         1%          1    None
b - Throw Frost           Conj/Ice       ###...       5%          2    #......
c - Ozocubu's Armour      Chrm/Ice       ##......     14%         3    ###....


Dungeon Overview and Level Annotations

Branches:
Dungeon (4/15)
 Temple: D:4-7

Altars:
Nemelex Xobeh

Annotations:
D:4 Evaline's ghost, amateur HOGl


Innate Abilities, Weirdness & Mutations

Your plain brown scales are hard. (AC +6)
You cannot fit into any form of body armour.
You are cold-blooded and may be slowed by cold attacks.


Message History

You hit Evaline's ghost but do no damage.
You tail-slap Evaline's ghost, but do no damage.
Evaline's ghost is heavily damaged.
You hit Evaline's ghost but do no damage.
Evaline's ghost is heavily damaged.
Your icy armour evaporates.
Evaline's ghost hits you but does no damage.
You hit Evaline's ghost but do no damage.
Evaline's ghost is heavily damaged.
Evaline's ghost hits you but does no damage.
You hit Evaline's ghost but do no damage.
Evaline's ghost is heavily damaged.
Evaline's ghost hits you!
* * * LOW HITPOINT WARNING * * *
You hit Evaline's ghost but do no damage.
Evaline's ghost is heavily damaged.
You hit Evaline's ghost but do no damage.
Evaline's ghost is heavily damaged.
Evaline's ghost hits you!
You die...

#.#######.
#.........
#.######.#
#.#
#.###########
#...........#
###########.#
....##.#####
.......W@...#
####.##.##.##
# #.# # ...
.... .###. #.
.# #


You could see Evaline's ghost.

Vanquished Creatures
  A phantom (D:4)
  The ghost of Lavandula the Digger, an amateur BaEE (D:3)
  A hound (D:4)
  A jelly (D:4)
  Terence (D:2)
  2 worker ants (D:4)
  A hound skeleton (D:4)
  5 adders
  An ooze (D:4)
  2 worms
  4 dart slugs
  2 leopard geckos
  An orc (D:2)
  8 bats
  3 giant cockroaches
  2 goblins (D:1)
  5 hobgoblins
  3 jackals (D:2)
  11 kobolds
  2 quokkas (D:4)
  A ball python (D:1)
  2 frilled lizards (D:1)
  A jackal skeleton (D:4)
  3 rats
64 creatures vanquished.

Notes
Turn   | Place    | Note
-------+----------+-------------------------------------------
     0 | D:1      | OlSheep the Draconian Ice Elementalist began the quest for the Orb.
     0 | D:1      | Reached XP level 1. HP: 14/14 MP: 3/3
   263 | D:1      | Reached XP level 2. HP: 20/20 MP: 0/5
   394 | D:1      | Learned a level 2 spell: Throw Frost
   707 | D:1      | Reached XP level 3. HP: 22/26 MP: 1/6
  2062 | D:2      | Noticed Terence
  2083 | D:2      | Killed Terence
  2083 | D:2      | Reached skill level 4 in Ice Magic
  2083 | D:2      | Reached XP level 4. HP: 34/34 MP: 0/8
  2619 | D:3      | Found a sparkling altar of Nemelex Xobeh.
  2787 | D:3      | Found a faded altar of an unknown god.
  2792 | D:3      | Noticed Lavandula's ghost (amateur BaEE)
  2873 | D:3      | Killed Lavandula's ghost
  2873 | D:3      | Reached XP level 5. HP: 14/39 MP: 0/10
  3568 | D:4      | Reached XP level 6. HP: 46/46 MP: 1/12
  3941 | D:4      | Reached skill level 1 in Fighting
  3941 | D:4      | Reached skill level 5 in Ice Magic
  4170 | D:4      | Learned a level 3 spell: Ozocubu's Armour
  4369 | D:4      | Noticed Evaline's ghost (amateur HOGl)
  4418 | D:4      | Slain by Evaline's ghost

Skill      XL: |  1  2  3  4  5  6 |
---------------+-------------------+-----
Dodging        | 2 |  2.6
Spellcasting   | 3 4 |  4.5
Ice Magic      | 4 5 |  5.0
Fighting       | 1 |  1.3
Staves         | |  0.7
Stealth        | |  1.7
Conjurations   | |  1.8

Action                   |  1- 3 |  4- 6 || total
-------------------------+-------+-------++-------
Melee: Club              |     9 |       ||     9
       Short sword       |    55 |    13 ||    68
       Tailslap          |     6 |    13 ||    19
       Staff             |       |    85 ||    85
 Fire: Hunting sling     |       |     3 ||     3
 Cast: Freeze            |    27 |    39 ||    66
       Throw Frost       |    33 |    39 ||    72
       Ozocubu's Armour  |       |     1 ||     1
  Use: Scroll            |       |    10 ||    10
       Potion            |       |     4 ||     4
  Eat: Chunk             |     6 |     4 ||    10
       Ration            |       |     1 ||     1
Armor: Skin              |    30 |    42 ||    72
Dodge: Dodged            |    61 |    74 ||   135
